 Dungeon Crawl Stone Soup version 0.31-a0-523-g071a6c1ffa (webtiles) character file.

Game seed: 9074597491172576763

417 Dittersdorf the Covered (level 6, -1/40 HPs)
             Began as a Gargoyle Fighter on Aug 11, 2023.
             Slain by an iguana (6 damage)
             ... on level 4 of the Dungeon.
             The game lasted 00:05:16 (2838 turns).

Dittersdorf the Covered (Gargoyle Fighter)          Turns: 2838, Time: 00:05:16

Health: -1/40      AC: 12    Str: 24    XL:     6   Next: 92%
Magic:  6/6        EV:  9    Int:  9    God:
Gold:   19         SH:  5    Dex: 12    Spells: 5/5 levels left

rFire   . . .        a - +0 flail
rCold   . . .        c - +0 buckler
rNeg    + . .        b - +0 scale mail
rPois   ∞            (no helmet)
rElec   +            (no cloak)
rCorr   .            p - +0 pair of gloves
SInv    .            (no boots)
Will    +....        (no amulet) Stlth
                     e - ring of Pajeddoi {Will+ Str+3 Dex+3}
HPRegen 0.26/turn    (no ring)
MPRegen 0.10/turn

%: no passive effects
@: no status effects
A: sickness immunity, AC +4, negative energy resistance 1, electricity
resistance, torment resistance 1, petrification resistance
a: no special abilities


You were on level 4 of the Dungeon.
You visited 1 branch of the dungeon, and saw 4 of its levels.
You also visited: Sewer.

You collected 174 gold pieces.
You spent 155 gold pieces at shops.

Inventory:

Hand Weapons
 a - a +0 flail (weapon)
Missiles
 f - 2 curare-tipped darts (quivered)
 s - a throwing net
Armour
 b - a +0 scale mail (worn)
 c - a +0 buckler (worn)
 p - a +0 pair of gloves (worn)
Jewellery
 e - the ring of Pajeddoi (left hand) {Will+ Str+3 Dex+3}
   (You acquired it on level 3 of the Dungeon)

   [ring of willpower]

   Str+3:     It affects your strength (+3).
   Dex+3:     It affects your dexterity (+3).
   Will+:     It increases your willpower.
Scrolls
 n - 3 scrolls of teleportation
 u - a scroll of blinking {unknown}
Potions
 d - 2 potions of might
 g - a potion of magic {unknown}
 h - 2 potions of enlightenment {unknown}
 i - a potion of haste {unknown}
 j - 3 potions of cancellation {unknown}
 l - a potion of brilliance
 m - a potion of curing
 o - a potion of heal wounds
 q - 2 potions of mutation


   Skills:
 + Level 5.0 Fighting
 + Level 3.9 Maces & Flails
 + Level 5.0 Armour
 + Level 5.0 Shields


You had 5 spell levels left.
You didn't know any spells.
Your spell library contained the following spells:

 Spells                   Type           Power      Damage    Failure   Level
 Summon Ice Beast         Ice/Summ       0%         N/A       100%        4
 Summon Mana Viper        Hex/Summ       0%         N/A       100%        5
 Monstrous Menagerie      Summ           0%         N/A       100%        7


Dungeon Overview and Level Annotations

Branches:
Dungeon (4/15)              Sewer (visited)
 Temple: D:4-7

Altars:
Gozag
Nemelex Xobeh

Shops:
D:3 [*(*[


Innate Abilities, Weirdness & Mutations

You are immune to sickness and miasma.
Your stone body is resilient. (AC +4)
You are immune to poison.
You resist negative energy. (rN+)
You are resistant to electric shocks. (rElec)
You are resistant to unholy torment.
You are immune to petrification.


Message History

The orc wizard flickers and vanishes!
Deactivating autopickup; reactivate with Ctrl-A.
The endoplasm freezes you.
You are frozen.
The kobold hits you but does no damage.
The cerulean imp hits you from afar with a +0 spear.
You see here a potion of mutation.
Natasha attacks as you move away! Natasha misses you.
Natasha claws you but does no damage. Natasha attacks as you move away!
Natasha barely misses you. Natasha attacks as you move away! Natasha claws you.
Natasha attacks as you move away! You block Natasha's attack.
Natasha mewls in sadness.
Natasha claws you but does no damage. Natasha barely misses you.
You see here a howler monkey corpse.
Natasha attacks as you move away! Natasha claws you.
Natasha mewls in sadness.
Natasha claws you but does no damage.
Natasha howls an incantation.
You feel disoriented.
You closely miss Natasha. Natasha claws you but does no damage.
You hit Natasha but do no damage. Natasha claws you but does no damage.
You sock Natasha!
You kill Natasha!
Suddenly Natasha's spirit rises from her lifeless body.
Your Shields skill increases to level 5!
You hit the endoplasm but do no damage. The endoplasm freezes you.
You are frozen.
You sock the endoplasm!
You kill the endoplasm!
Your Fighting skill increases to level 5!
You closely miss the iguana.
The iguana is severely wounded.
The iguana bites you!
* * * LOW HITPOINT WARNING * * *
You barely miss the iguana.
The iguana is severely wounded.
The iguana barely misses you. The iguana bites you.
You die...

#.......##J...........
....?...#####.....##..
........# #l5.......
........# ###.####....
........# #.†.# ...
.....<..# #K#.# .
........# #o#...
#l#...# #@#.##..
####.#>. .## #§§..####
# #§#.....#.#
#####§........#
#..§§<#.#####.#
#.##§.#.# # #.§#.#
...§.#


You could see an iguana, an orc and a kobold.

Vanquished Creatures
  3 kobold brigands (Sewer)
  A howler monkey (D:4)
  Natasha (D:4)
  4 adders
  2 river rats (D:3)
  A worm (D:3)
  A dart slug (D:1)
  4 orcs (D:3)
  7 bats
  6 endoplasms
  3 giant cockroaches
  5 goblins
  5 hobgoblins
  2 jackals (D:1)
  14 kobolds
  2 quokkas (D:2)
  7 ball pythons
  5 frilled lizards
  7 rats
80 creatures vanquished.

Notes
Turn   | Place    | Note
-------+----------+-------------------------------------------
     0 | D:1      | Dittersdorf the Gargoyle Fighter began the quest for the
                  | Orb.
     0 | D:1      | Reached XP level 1. HP: 14/14 MP: 1/1
   249 | D:1      | Reached XP level 2. HP: 19/19 MP: 2/2
   455 | D:1      | Reached XP level 3. HP: 23/23 MP: 3/3
  1099 | D:2      | Reached XP level 4. HP: 29/29 MP: 4/4
  1279 | D:2      | Found a faded altar of an unknown god.
  1356 | D:3      | Identified a scroll of acquirement
  1356 | D:3      | Acquired the ring of Pajeddoi {Will+ Str+3 Dex+3}
  1391 | D:3      | Found Weuhuih's Antique Weapon Shop.
  1421 | D:3      | Found a glowing drain.
  1473 | Sewer    | Entered a sewer
  1598 | Sewer    | Noticed a kobold brigand
  1598 | Sewer    | Noticed a kobold brigand
  1609 | Sewer    | Killed a kobold brigand
  1610 | Sewer    | Reached XP level 5. HP: 14/34 MP: 5/5
  1612 | Sewer    | Killed a kobold brigand
  1613 | Sewer    | Reached XP level 6. HP: 17/39 MP: 6/6
  1841 | D:3      | Found Muzag's General Store.
  2166 | D:3      | Found an opulent altar of Gozag.
  2166 | D:3      | Found a sparkling altar of Nemelex Xobeh.
  2200 | D:3      | Found Nuvodaunk's Antique Armour Shoppe.
  2502 | D:3      | Found Gogoet's Antique Armour Emporium.
  2587 | D:3      | Found Nyletzall's Assorted Antiques.
  2595 | D:3      | Bought an ancient platinum ring for 155 gold pieces
  2595 | D:3      | Identified the ring "Dinluth" {rElec rF+ rN+ Will- Slay+2}
                  | (You bought it in a shop on level 3 of the Dungeon)
  2785 | D:4      | Reached skill level 5 in Armour
  2808 | D:4      | Noticed Natasha
  2834 | D:4      | Killed Natasha
  2835 | D:4      | Reached skill level 5 in Shields
  2837 | D:4      | Reached skill level 5 in Fighting
  2838 | D:4      | Slain by an iguana

Illustrated notes

Levels and vault maps discovered:
D:1:      lordsloth_arrival_two_stooges, layout_basic, minmay_tetromino_s2
D:2:      layout_basic, hellmonk_ecumenical_altar_prayer_group
D:3:      layout_basic, grunt_temple_overflow_opulence, serial_shops,
          nicolae_shop_pleasant_corner_grove, nicolae_lakefront_shop, shop,
          shop_statue, shop, portal_sewer_entry_b
D:4:      layout_basic, evilmike_ruin_ashenzari, nicolae_uskayaw_dance_hall,
          chequers_jeans, minmay_misc_feat_tower, kennysheep_generic_room_7,
          uniq_natasha

Skill      XL: |  1  2  3  4  5  6 |
---------------+-------------------+-----
Armour         | 4 5 |  5.0
Shields        | 4 5 |  5.0
Fighting       | 4 5 |  5.0
Maces & Flails | 3 |  3.9

Action                     |  1- 3 |  4- 6 || total
---------------------------+-------+-------++-------
  Melee: Flail             |   117 |   155 ||   272
    Use: Scroll            |       |    13 ||    13
         Potion            |       |     1 ||     1
 Armour: Scale mail        |    50 |   102 ||   152
  Dodge: Dodged            |    68 |   101 ||   169
  Block: Buckler           |    22 |    48 ||    70

Table legend: (Time is in decaauts)
 A = Elapsed time spent in this place.
 B = Non-inter-level travel time spent in this place.
 C = Inter-level travel time spent in this place.
 D = Time resting spent in this place.
 E = Time spent auto-exploring this place.
 F = Levels seen in this place.
 G = Mean time per level.
                   A        B        C        D        E       F      G
               +--------+--------+--------+--------+--------+-----+--------+
         Total |   2939 |   2865 |     74 |      0 |   2151 |   5 |  587.8 |
       Dungeon |   2547 |   2473 |     74 |      0 |   1932 |   4 |  636.8 |
         Sewer |    392 |    392 |      0 |      0 |    218 |   1 |  392.0 |
               +--------+--------+--------+--------+--------+-----+--------+

Top non-repeatable levels by time:
     D:3: 1060 daAuts
     D:1: 747 daAuts
     D:2: 657 daAuts
   Sewer: 392 daAuts
     D:4: 81 daAuts
